 Dungeon Crawl Stone Soup version 0.29.1-1-gd02db6906a (webtiles) character file.

Game seed: 18314265080076780466

131 safid the Shooter (level 4, -3/38 HPs)
             Began as a Minotaur Hunter on Oct 14, 2022.
             Killed by divine providence
             ... invoked by an orc priest
              (13 damage)
             ... on level 3 of the Dungeon.
             The game lasted 00:03:24 (1567 turns).

safid the Shooter (Minotaur Hunter)                 Turns: 1567, Time: 00:03:24

Health: -3/38      AC:  3    Str: 16    XL:     4   Next: 91%
Magic:  3/3        EV: 12    Int:  6    God:
Gold:   180        SH:  0    Dex: 15    Spells: 3/3 levels left

rFire   . . .      SeeInvis .   a - +0 shortbow
rCold   . . .      Faith    .   (shield currently unavailable)
rNeg    . . .      Spirit   .   c - +0 leather armour
rPois   +          Reflect  .   (helmet restricted)
rElec   .          Harm     .   (no cloak)
rCorr   .          Rampage  .   (no gloves)
Will    .....                   (no boots)
Stlth   +.........              (no amulet)
HPRegen 0.12/turn               t - ring of poison resistance
MPRegen 0.08/turn               (no ring)

@: no status effects
A: horns 2, retaliatory headbutt
a: no special abilities


You were on level 3 of the Dungeon.
You visited 1 branch of the dungeon, and saw 3 of its levels.

You collected 180 gold pieces.

Inventory:

Hand Weapons
 a - a +0 shortbow (weapon)
Armour
 c - a +0 leather armour (worn)
Jewellery
 n - a ring of fire
 t - a ring of poison resistance (left hand)
Wands
 s - a wand of roots (1)
Scrolls
 b - a scroll of immolation
 d - 4 scrolls of identify {unknown}
 h - 2 scrolls of acquirement {unknown}
 i - a scroll of amnesia {unknown}
 j - a scroll of blinking {unknown}
 l - a scroll of magic mapping {unknown}
 o - a scroll of fear {unknown}
 q - a scroll of enchant weapon {unknown}
Potions
 e - a potion of brilliance {unknown}
 f - a potion of curing
 g - a potion of haste {unknown}
 k - a potion of magic {unknown}
 m - a potion of attraction {unknown}
 p - a potion of degeneration {unknown}
 r - a potion of might
 u - a potion of mutation {unknown}


   Skills:
 - Level 3.0 Fighting
 + Level 6.7 Ranged Weapons
 - Level 2.1 Dodging
 - Level 0.7 Stealth


You had 3 spell levels left.
You didn't know any spells.
Your spell library was empty.

Dungeon Overview and Level Annotations

Branches:
Dungeon (3/15)

Altars:
Hepliaklqana


Innate Abilities, Weirdness & Mutations

You have a pair of horns on your head.
You reflexively headbutt those who attack you in melee.


Message History

Found a pair of gloves.
An orc comes into view. It is wielding a +0 whip.
The orc shouts!
You hear a shout!
An orc comes into view. It is wielding a +0 short sword.
The orc moves out of view.
An orc comes into view. It is wielding a +0 flail.
The orc shouts!
An orc priest comes into view. It is wielding a +0 mace.
The orc moves out of view.
You shoot an arrow.
The arrow closely misses the orc priest.
The arrow completely misses the orc.
You shoot an arrow.
The arrow closely misses the orc priest.
The arrow hits the orc!
You kill the orc!
The orc priest calls down the wrath of Beogh upon you.
Pain shoots through your body!
You are too injured to fight recklessly!
You are too injured to fight recklessly!
You are too injured to fight recklessly!
You are too injured to fight recklessly!
You are too injured to fight recklessly!
Fire: a) +0 shortbow
Press: ? - help, Q - select action, (/) - cycle Shift-Dir - straight line, f/p - orc priest
Aim: an orc priest, wielding a +0 mace and wearing a +0 leather armour (63% to hit)
You shoot an arrow.
The arrow closely misses the orc priest.
The arrow barely misses the orc.
The orc priest invokes the aid of Beogh against you.
Beogh smites you!
* * * LOW HITPOINT WARNING * * *
Fire: a) +0 shortbow
Press: ? - help, Q - select action, (/) - cycle Shift-Dir - straight line, f/p - orc priest
Aim: an orc priest, wielding a +0 mace and wearing a +0 leather armour (63% to hit)
You shoot an arrow. The arrow barely misses the orc priest.
The arrow barely misses the orc.
The orc priest invokes the aid of Beogh against you.
Beogh smites you!
You die...

#..# ##.#.#.## #..#
#.......# # #..#
##.#.#.## ##.##..#
#.......#
+.....>#####.#.#.##
##.##..##.........#
# #..##.##.#.#.##
... #.............#
..# #.@#####.#.#.##
..# #..[# ###.#.#
..# #.#.# #...# ..#
#o#.# #.### ..
o.#.#######.## .#
..##..........# <#
#.. #########.## .#
.. #.# .# #.#


You could see an orc priest and an orc.

Vanquished Creatures
  Jessica (D:2)
  An orc wizard (D:3)
  2 adders (D:2)
  A worm (D:2)
  A dart slug (D:2)
  4 orcs (D:3)
  5 ball pythons
  8 bats
  4 endoplasms
  3 goblins
  6 hobgoblins
  4 quokkas
  4 frilled lizards
  7 kobolds
  4 rats
55 creatures vanquished.

Notes
Turn   | Place    | Note
-------+----------+-------------------------------------------
     0 | D:1      | safid the Minotaur Hunter began the quest for the Orb.
     0 | D:1      | Reached XP level 1. HP: 18/18 MP: 0/0
   192 | D:1      | Reached XP level 2. HP: 26/26 MP: 1/1
   525 | D:1      | Reached skill level 5 in Ranged Weapons
   535 | D:1      | Found a faded altar of an unknown god.
   803 | D:2      | Reached XP level 3. HP: 31/31 MP: 2/2
  1035 | D:2      | Noticed Jessica
  1042 | D:2      | Killed Jessica
  1043 | D:2      | Reached skill level 6 in Ranged Weapons
  1043 | D:2      | Reached XP level 4. HP: 32/38 MP: 3/3
  1429 | D:3      | Found a hazy altar of Hepliaklqana.
  1567 | D:3      | Killed from afar by an orc priest

Illustrated notes

Levels and vault maps discovered:
D:1:      lightli_arrival_maybe_door_vault, layout_loops_ring,
          hellmonk_ecumenical_altar_leap_of_faith
D:2:      layout_loops_ring, uniq_jessica
D:3:      layout_basic, mainiacjoe_overflow_catwalk,
          ebering_ghost_disaster_area, gup_sewer_entry_spiral,
          grunt_ministairs_14, st_stairs_12

Skill      XL: |  1  2  3 |
---------------+----------+-----
Fighting       | 3 |  3.0
Ranged Weapons | 5 6 |  6.7
Dodging        | |  2.1
Stealth        | |  0.7

Action                   |  1- 3 |  4- 6 || total
-------------------------+-------+-------++-------
 Fire: Shortbow          |    76 |    47 ||   123
  Use: Potion            |       |     2 ||     2
Armor: Leather armour    |     6 |       ||     6
Dodge: Dodged            |    11 |     2 ||    13
